 Dungeon Crawl Stone Soup version 0.31.0-12-g77e489cdc1 (webtiles) character file.

Game seed: 9833789421591212847

3124 LabCoat the Cleaver (level 9, -2/81 HPs)
             Began as a Hill Orc Fighter on Feb 15, 2024.
             Was an Initiate of Trog.
             Killed from afar by an acid dragon (9 damage)
             ... with a splash of acid
             ... on level 7 of the Dungeon on Feb 17, 2024.
             The game lasted 00:23:09 (6032 turns).

LabCoat the Cleaver (Hill Orc Fighter)              Turns: 6032, Time: 00:23:10

Health: -2/81      AC: 16    Str: 23    XL:     9   Next: 91%
Magic:  9/9        EV:  7    Int:  8    God:    Trog [......]
Gold:   394        SH:  5    Dex: 10    Spells: 8/8 levels left

rFire   . . .        J - +0 broad axe
rCold   . . .        c - +0 buckler
rNeg    . . .        y - +0 plate armour
rPois   .            (no helmet)
rElec   .            B - +0 cloak
rCorr   .            (no gloves)
SInv    +            f - +0 pair of boots
Will    .....        x - amulet of regeneration Stlth
                     N - ring of see invisible
HPRegen 1.13/turn    (no ring)
MPRegen 0.11/turn

%: no passive effects
@: no status effects
A: no striking features
a: Renounce Religion


You were on level 7 of the Dungeon.
You worshipped Trog.
Trog was noncommittal.
You visited 2 branches of the dungeon, and saw 8 of its levels.
You also visited: Sewer.

You collected 394 gold pieces.

Inventory:

Hand Weapons
 a - a +0 war axe
 m - a +0 flail
 q - a +1 whip of venom
 J - a +0 broad axe (weapon)
Missiles
 h - 10 boomerangs
 j - 6 poisoned darts (quivered)
 A - 3 javelins
Armour
 c - a +0 buckler (worn)
 f - a +0 pair of boots (worn)
 y - a +0 plate armour (worn)
 B - a +0 cloak (worn)
 H - a +0 kite shield
Jewellery
 v - a ring of ice
 x - an amulet of regeneration (around neck)
 M - a ring of ice
 N - a ring of see invisible (left hand)
Wands
 r - a wand of paralysis (7)
 L - a wand of roots (8)
Scrolls
 b - 3 scrolls of revelation
 e - a scroll of blinking
 g - a scroll of enchant armour {unknown}
 i - a scroll of brand weapon {unknown}
 k - 2 scrolls of fog
 l - a scroll of teleportation
 s - 2 scrolls of fear
 u - a scroll of poison {unknown}
 w - a scroll of amnesia {unknown}
 C - a scroll of noise {unknown}
 E - a scroll of identify {unknown}
 F - a scroll of immolation
Potions
 d - 2 potions of might
 n - 4 potions of mutation {unknown}
 o - 3 potions of heal wounds {unknown}
 p - 2 potions of brilliance {unknown}
 t - a potion of berserk rage
 z - 2 potions of curing {unknown}
 D - 4 potions of ambrosia {unknown}
 G - a potion of attraction {unknown}
 I - a potion of haste {unknown}
 K - a potion of cancellation {unknown}


   Skills:
 * Level 8.1 Fighting
 * Level 8.3 Axes
 * Level 7.4 Armour
 + Level 3.3 Dodging
 + Level 5.6 Shields
 * Level 5.9 Evocations


You had 8 spell levels left.
You didn't know any spells.
Your spell library was empty.

Dungeon Overview and Level Annotations

Branches:
Dungeon (7/15)             Temple (1/1) D:6           Sewer (visited)

Altars:
Ashenzari
Cheibriados
Elyvilon
Fedhas
Gozag
Hepliaklqana
Kikubaaqudgha
Makhleb
Qazlal
Ru
Sif Muna
Trog
Uskayaw
Vehumet
Wu Jian
Xom
Yredelemnul
Zin
The Shining One

Shops:
D:2 *


Message History

j - 5 poisoned darts (gained 1)
j - 6 poisoned darts (gained 1)
j - 7 poisoned darts (gained 1)
You now have 394 gold pieces (gained 10).
A gargoyle comes into view. It is wielding a +0 mace.
Throw: 7 darts (poison)
Press: ? - help, Q - select action, (/) - cycle Shift-Dir - straight line, f - gargoyle
Aim: a gargoyle, wielding a +0 mace (wandering, hasn't noticed you, 73% to hit)
You throw a poisoned dart. The poisoned dart hits the gargoyle.
A troll comes into view.
Okay, then.
The troll shouts!
You hear a shout!
A shadow imp comes into view.
A wraith comes into view.
The wraith moves out of view.
The gargoyle hurls a stone arrow at you.
The stone arrow hits you!!
You closely miss the gargoyle. You hit the troll.
The gargoyle hurls a stone arrow at you.
The stone arrow hits you!
An acid dragon comes into view.
The troll bites you!
The troll claws you but does no damage. x2
The gargoyle hurls a stone arrow at you.
The stone arrow hits you!!
* * * LOW HITPOINT WARNING * * *
The troll bites you.
* * * LOW HITPOINT WARNING * * *
The troll claws you!
* * * LOW HITPOINT WARNING * * *
The troll closely misses you.
The acid dragon roars!
Blink to where?
Press: ? - help, Dir - move target, p - gargoyle A howler monkey comes into view.
As you read the scroll of blinking, it crumbles to dust.
There is an escape hatch in the ceiling here.
The howler monkey hoots and howls with incredible vigour!
The acid dragon spits acid at you. The splash of acid hits you!
You die...

.# #...<...### ##..... .#
#.........# #......
.#############.######### #......
....# ##.....#.....## #......
.##.# ##.............####.....
.##.# #.......................
.##.## #...............####..##
.##..#####.(.............##.....#
.###....).T9..W.@h.......##))...#
.####.....5..D...........##.)...#
..###...................###))...#
#.)#######.#####.#........#.....#
##.# #...# #####..###..).....
##.### #. .# #........#.....#
†%...# # #........#.....# ####.##
#........#.....# # ##.#
#........#.....#


You could see a troll, a wraith, an acid dragon (catching breath), a gargoyle, a
howler monkey (catching breath) and a shadow imp.

Vanquished Creatures
  Pikel (D:6)
  Grinder (D:3)
  2 water moccasins (D:7)
  Pargi (Sewer)
  2 orc warriors (D:7)
  2 ice beasts (D:6)
  3 black bears
  A centaur (D:6)
  3 ogres
  A lemure (D:6)
  A phantom (D:5)
  A brain worm (Sewer)
  4 scorpions
  4 howler monkeys
  3 hounds (D:5)
  2 orc priests (D:6)
  Crazy Yiuf (D:6)
  2 iguanas (D:4)
  A sleepcap (D:4)
  Ijyb (D:3)
  4 orc wizards
  3 gnolls (D:5)
  10 adders
  A white imp (D:6)
  2 dart slugs
  2 ribbon worms
  19 orcs
  7 endoplasms
  5 giant cockroaches
  6 goblins
  7 hobgoblins
  6 jackals (D:1)
  5 quokkas
  6 ball pythons
  15 bats
  5 frilled lizards
  4 kobolds
  6 rats
150 creatures vanquished.

Vanquished Creatures (others)
  An orc wizard (D:6)
1 creature vanquished.

Grand Total: 151 creatures vanquished

Notes
Turn   | Place    | Note
-------+----------+-------------------------------------------
     0 | D:1      | LabCoat the Hill Orc Fighter began the quest for the Orb.
     0 | D:1      | Reached XP level 1. HP: 19/19 MP: 1/1
   200 | D:1      | Reached XP level 2. HP: 22/27 MP: 2/2
   379 | D:1      | Reached XP level 3. HP: 32/33 MP: 3/3
   389 | D:1      | Reached skill level 1 in Evocations
  1383 | D:2      | Found Neij's Assorted Antiques.
  2181 | D:3      | Reached XP level 4. HP: 40/40 MP: 4/4
  2444 | D:3      | Noticed Ijyb
  2446 | D:3      | Paralysed by Ijyb for 4 turns
  2453 | D:3      | Paralysed by Ijyb for 2 turns
  2457 | D:3      | Killed Ijyb
  2458 | D:3      | Reached skill level 1 in Dodging
  2458 | D:3      | Reached XP level 5. HP: 46/47 MP: 5/5
  2612 | D:3      | Found a glowing drain.
  2631 | Sewer    | Entered a sewer
  2709 | Sewer    | Noticed Pargi
  2730 | Sewer    | Killed Pargi
  2731 | Sewer    | Reached skill level 5 in Fighting
  2731 | Sewer    | Reached XP level 6. HP: 34/56 MP: 6/6
  3007 | D:3      | Found an ornate altar of the Wu Jian Council.
  3065 | D:3      | Noticed Grinder
  3080 | D:3      | Killed Grinder
  3081 | D:3      | Reached skill level 5 in Axes
  3081 | D:3      | Reached XP level 7. HP: 52/61 MP: 7/7
  3505 | D:4      | Reached skill level 5 in Armour
  3834 | D:4      | Reached XP level 8. HP: 61/70 MP: 8/8
  3935 | D:5      | Entered Level 5 of the Dungeon
  4025 | D:5      | Found an ancient bone altar of Kikubaaqudgha.
  4698 | D:6      | Found a runed translucent door.
  4699 | D:6      | Noticed Crazy Yiuf
  4708 | D:6      | Paralysed by Crazy Yiuf for 1 turns
  4709 | D:6      | Killed Crazy Yiuf
  4789 | D:6      | Found a hide-covered altar of Uskayaw.
  4807 | D:6      | Noticed Pikel
  4834 | D:6      | Killed Pikel
  4835 | D:6      | Reached skill level 5 in Shields
  4835 | D:6      | Reached XP level 9. HP: 29/79 MP: 9/9
  4891 | D:6      | Found a staircase to the Ecumenical Temple.
  4911 | D:6      | Reached skill level 5 in Evocations
  4952 | Temple   | Entered the Ecumenical Temple
  4979 | Temple   | Became a worshipper of Trog the Wrathful
  5261 | D:6      | Found a basalt altar of Yredelemnul.
  5817 | D:7      | Found a glowing golden altar of the Shining One.
  6023 | D:7      | Noticed a gargoyle
  6024 | D:7      | Noticed a troll
  6028 | D:7      | HP: 2/81 [troll (8)]
  6032 | D:7      | Killed from afar by an acid dragon

Illustrated notes

Levels and vault maps discovered:
D:1:      scummos_arrival_simple_crosswalls, layout_loops_ring, serial_forest,
          infiniplex_forest_end_2, infiniplex_forest_clump_long,
          infiniplex_forest_zigzag_1, infiniplex_forest_zigzag_2,
          infiniplex_forest_lined_room_2, infiniplex_forest_end_3,
          infiniplex_forest_clump_cross, infiniplex_forest_lined_2,
          infiniplex_forest_clump_medium, minmay_door_square
D:2:      mumra_celtic_spiral_tile, layout_basic, serial_shops, shop,
          amethyst_killhole, amcnicky_mini_rare_corridor_liquid
D:3:      layout_basic, nicolae_wu_jian_immortal_techniques,
          portal_sewer_entry_d, kennysheep_boxes, uniq_ijyb, uniq_grinder
D:4:      layout_cave_pools
D:5:      layout_basic, kiku_gazebo_garden_becter
D:6:      layout_basic, yredelemnul_altar_generic,
          mainiacjoe_overflow_small_starburst, minmay_temple_entry_mist,
          nicolae_zig_zag_zippers, uniq_pikel, uniq_crazy_yiuf_cottage
D:7:      minmay_blocky_corners, layout_rooms, old_standard_altar
Temple:   dpeg_chambers_temple

Skill      XL: |  1  2  3  4  5  6  7  8  9 |
---------------+----------------------------+-----
Axes           | 3 4 5 7 8 |  8.3
Evocations     | 1 2 3 4 5 |  5.9
Fighting       | 4 5 7 8 |  8.1
Armour         | 4 5 6 7 |  7.4
Dodging        | 1 2 3 |  3.3
Shields        | 4 5 |  5.6

Action                     |  1- 3 |  4- 6 |  7- 9 || total
---------------------------+-------+-------+-------++-------
  Melee: War axe           |   147 |    10 |       ||   157
         Whip              |       |   107 |   307 ||   414
         Broad axe         |       |       |    43 ||    43
  Throw: Dart              |       |     9 |    17 ||    26
  Evoke: Wand              |       |       |     2 ||     2
    Use: Scroll            |     1 |     2 |     4 ||     7
         Potion            |       |       |     2 ||     2
   Stab: Paralysed         |       |       |     2 ||     2
 Armour: Scale mail        |    29 |       |       ||    29
         Chain mail        |    69 |    99 |    17 ||   185
         Plate armour      |       |       |   269 ||   269
  Dodge: Dodged            |    69 |    43 |   103 ||   215
  Block: Buckler           |    27 |    26 |    70 ||   123
